 Dungeon Crawl Stone Soup version 0.28.0-45-g0d030f2227 (webtiles) character file.

Game seed: 16124408062040579093

10127 theElss the Fighter (level 11, -4/109 HPs)
             Began as a Gargoyle Berserker on Apr 4, 2022.
             Was an Elder of Trog.
             Slain by an orc knight
             ... wielding a +0 great mace
              (22 damage)
             ... on level 10 of the Dungeon.
             The game lasted 00:22:12 (12820 turns).

theElss the Fighter (Gargoyle Berserker)           Turns: 12820, Time: 00:22:12

Health: -4/109     AC: 19    Str: 20    XL:     11   Next: 57%
Magic:  11/11      EV: 10    Int:  8    God:    Trog [****..]
Gold:   564        SH: 12    Dex: 19    Spells: 10/10 levels left

rFire   . . .      SeeInvis .   b - +3 whip (venom)
rCold   + . .      Faith    .   j - +0 kite shield
rNeg    + + .      Spirit   .   g - +0 ring mail
rPois   ∞          Reflect  .   e - +0 helmet
rElec   +          Harm     .   (no cloak)
rCorr   .          Rampage  .   r - +0 pair of gloves
Will    +++..                   t - +0 pair of boots
Stlth   ..........              (no amulet)
HPRegen 1.28/turn               B - ring of Discretion {rPois rN+ Will+ Str-3 Dex+8}
MPRegen 0.12/turn               J - ring of protection from cold

@: berserking, strong-willed (expiring), regenerating (expiring), very quick
A: sickness immunity, AC +8, negative energy resistance 1, electricity
resistance, torment resistance 1, petrification resistance
a: Renounce Religion, Berserk, Trog's Hand, Brothers in Arms


You were on level 10 of the Dungeon.
You worshipped Trog.
Trog was greatly pleased with you.
You visited 1 branch of the dungeon, and saw 10 of its levels.

You collected 564 gold pieces.

Inventory:

Hand Weapons
 a - a +2 whip of flaming
 b - a +3 whip of venom (weapon)
Missiles
 H - a throwing net
Armour
 e - a +0 helmet (worn)
 g - a +0 ring mail (worn)
 j - a +0 kite shield (worn)
 r - a +0 pair of gloves (worn)
 t - a +0 pair of boots (worn)
Jewellery
 B - the ring of Discretion (left hand) {rPois rN+ Will+ Str-3 Dex+8}
   (You found it on level 7 of the Dungeon)

   [ring of positive energy]

   Str:       It affects your strength (-3).
   Dex:       It affects your dexterity (+8).
   rPois:     It protects you from poison.
   rN:        It protects you from negative energy.
   Will:      It increases your willpower.
 J - a ring of protection from cold (right hand)
Wands
 h - a wand of flame (16)
 y - a wand of iceblast (17)
 D - a wand of digging (7)
 I - a wand of mindburst (2) (quivered)
Scrolls
 c - a scroll of enchant weapon {unknown}
 d - a scroll of brand weapon {unknown}
 f - 3 scrolls of vulnerability {unknown}
 l - a scroll of fog {unknown}
 o - 2 scrolls of fear
 p - 2 scrolls of teleportation {unknown}
 s - 2 scrolls of amnesia {unknown}
 u - 2 scrolls of noise {unknown}
 w - 2 scrolls of blinking {unknown}
 A - 3 scrolls of enchant armour {unknown}
 C - a scroll of magic mapping {unknown}
 G - a scroll of identify
Potions
 i - a potion of lignification
 k - 3 potions of attraction
 m - 7 potions of curing
 n - a potion of ambrosia {unknown}
 q - 2 potions of heal wounds
 v - 2 potions of haste
 x - a potion of cancellation {unknown}
 z - a potion of magic {unknown}
 E - a potion of flight {unknown}
 F - a potion of might {unknown}


   Skills:
 + Level 10.4 Fighting
 + Level 9.5 Maces & Flails
 + Level 10.2 Armour
 - Level 1.9 Dodging
 + Level 9.6 Shields


You had 10 spell levels left.
You didn't know any spells.
Your spell library was empty.

Dungeon Overview and Level Annotations

Branches:
Dungeon (10/15)            Temple (0/1) D:4            Lair (0/6) D:8
    Orc: D:9-12

Altars:
Cheibriados
Fedhas
Gozag
Kikubaaqudgha
Trog
Uskayaw
Xom

Shops:
D:3 =   D:7 (

Annotations:
D:9 2 runed translucent doors


Innate Abilities, Weirdness & Mutations

You are immune to sickness and miasma.
Your stone body is resilient. (AC +8)
You are immune to poison.
You resist negative energy. (rN+)
You are resistant to electric shocks. (rElec)
You are resistant to unholy torment.
You are immune to petrification.


Message History

Trog accepts your kill. You block the orc's attack.
Things that are here:
a +0 battleaxe; a +0 chain mail; an orc corpse You whack the orc!
You kill the orc!
Trog accepts your kill.
You hit the orc but do no damage. You whack the orc!
You kill the orc!
Trog accepts your kill. You block the orc knight's attack.
Items here: )) [ ††.
You hit the orc knight.
The orc knight is poisoned.
The orc knight is lightly wounded.
You whack the orc knight!
The orc knight looks as sick as possible!
The orc knight is moderately wounded.
The orc knight hits you with a +0 great mace!
You closely miss the orc knight.
The orc knight is moderately wounded.
You feel the effects of Trog's Hand fading.
You whack the orc knight!
The orc knight is moderately wounded.
The orc knight hits you with a +0 great mace!!
* * * LOW HITPOINT WARNING * * *
You hit the orc knight.
The orc knight looks as sick as possible!
The orc knight is heavily wounded.
You whack the orc knight!
The orc knight is severely wounded.
You block the orc knight's attack.
You hit the orc knight.
The orc knight looks as sick as possible!
The orc knight is severely wounded.
You hit the orc knight.
The orc knight looks as sick as possible!
The orc knight is almost dead.
The orc knight hits you with a +0 great mace!!
You die...

#.........##.#
####..######.#
##..# #.# #..#
#.# #... #.#
#...# #.#
##... #.#
###...###.#
+....o@)..#
####..#####
#.. #.. #..
#.. ... ...


You could see an orc knight (extremely poisoned).

Vanquished Creatures
  Erolcha (D:9)
  3 two-headed ogres (D:9)
  Pikel (D:5)
  A troll (D:9)
  A hornet (D:9)
  10 yaks
  3 wyverns (D:8)
  4 vampire mosquitoes (D:10)
  A basilisk (D:8)
  A steam dragon (D:6)
  An acid dragon (D:10)
  3 water moccasins (D:8)
  Pargi (D:3)
  2 black bears (D:8)
  3 orc warriors
  2 ice beasts (D:7)
  2 necrophages
  3 ogres
  2 wolves (D:8)
  A centaur (D:8)
  2 phantoms
  4 bullfrogs
  2 kobold brigands
  5 scorpions
  2 wyvern zombies (D:8)
  3 killer bees (D:8)
  4 wights (D:7)
  A howler monkey (D:8)
  A centaur zombie (D:9)
  A hound (D:6)
  3 orc priests
  2 bullfrog skeletons
  A gnoll shaman (D:5)
  14 orc wizards
  9 iguanas
  2 killer bee zombies (D:8)
  7 gnolls
  9 adders
  A howler monkey skeleton (D:5)
  An ufetubus (D:5)
  An adder skeleton (D:4)
  6 worms
  3 dart slugs
  55 orcs
  3 endoplasms
  7 giant cockroaches
  4 goblins
  5 hobgoblins
  8 jackals
  A quokka (D:2)
  8 ball pythons
  4 bats
  2 frilled lizards
  7 kobolds
  5 rats
239 creatures vanquished.

Vanquished Creatures (others)
  9 plants (D:8)
9 creatures vanquished.

Grand Total: 248 creatures vanquished

Notes
Turn   | Place    | Note
-------+----------+-------------------------------------------
     0 | D:1      | theElss the Gargoyle Berserker began the quest for the Orb.
     0 | D:1      | Reached XP level 1. HP: 14/14 MP: 1/1
   239 | D:1      | Reached XP level 2. HP: 18/19 MP: 2/2
   849 | D:2      | Reached XP level 3. HP: 17/23 MP: 3/3
   931 | D:2      | Found a bloodstained altar of Trog.
  1501 | D:2      | Noticed an ogre
  1511 | D:2      | Killed an ogre
  1512 | D:2      | Reached skill level 1 in Shields
  1512 | D:2      | Reached XP level 4. HP: 20/29 MP: 4/4
  1512 | D:2      | Reached XP level 5. HP: 23/33 MP: 5/5
  1694 | D:2      | You fall into a shaft and drop 1 floor!
  2159 | D:3      | Found Durphe Lyqo's Jewellery Emporium.
  2254 | D:3      | Reached ** piety under Trog
  2673 | D:3      | Noticed Pargi
  2687 | D:3      | Killed Pargi
  2688 | D:3      | Reached XP level 6. HP: 39/39 MP: 6/6
  2764 | D:3      | Found a faded altar of an unknown god.
  3558 | D:4      | Found a staircase to the Ecumenical Temple.
  3562 | D:4      | Reached skill level 5 in Fighting
  3795 | D:4      | Reached XP level 7. HP: 44/44 MP: 7/7
  3876 | D:4      | Reached *** piety under Trog
  4260 | D:5      | Entered Level 5 of the Dungeon
  4649 | D:5      | Reached skill level 5 in Maces & Flails
  4649 | D:5      | Reached skill level 5 in Armour
  4984 | D:5      | Noticed Pikel
  4998 | D:5      | Killed Pikel
  4999 | D:5      | Reached XP level 8. HP: 39/51 MP: 8/8
  5563 | D:5      | Reached skill level 5 in Shields
  5915 | D:6      | Reached XP level 9. HP: 56/56 MP: 9/9
  6453 | D:6      | Reached **** piety under Trog
  6729 | D:7      | Found a shimmering altar of Xom.
  6802 | D:7      | Found an opulent altar of Gozag.
  6868 | D:7      | Found a snail-covered altar of Cheibriados.
  6917 | D:7      | Found Mobyulurisch's Antique Weapon Boutique.
  7445 | D:7      | Identified the ring of Discretion {rPois rN+ Will+ Str-3
                  | Dex+8}
  7567 | D:7      | Found an ancient bone altar of Kikubaaqudgha.
  7570 | D:7      | Found a hide-covered altar of Uskayaw.
  7573 | D:7      | Found a blossoming altar of Fedhas.
  8310 | D:8      | Reached XP level 10. HP: 17/64 MP: 10/10
  8489 | D:8      | Found a staircase to the Lair.
 10117 | D:9      | Noticed a two-headed ogre
 10124 | D:9      | Killed a two-headed ogre
 10246 | D:9      | Noticed Erolcha
 10276 | D:9      | Noticed a two-headed ogre
 10295 | D:9      | HP: 3/66 [something (29)]
 10303 | D:9      | Killed a two-headed ogre
 10304 | D:9      | Reached XP level 11. HP: 43/72 MP: 11/11
 10342 | D:9      | Killed Erolcha
 10776 | D:9      | Noticed a two-headed ogre
 10791 | D:9      | Killed a two-headed ogre
 10792 | D:9      | Reached skill level 10 in Fighting
 11382 | D:9      | Reached skill level 10 in Armour
 11603 | D:9      | Identified the +1 robe of Nikemm {+Inv Int+8 Slay-6}
 11604 | D:9      | Noticed a cyan ugly thing
 11841 | D:9      | Found a large runed translucent door.
 11841 | D:9      | Found a large runed translucent door.
 11843 | D:9      | Found a shimmering altar of Xom.
 11843 | D:9      | Noticed a white ugly thing
 12201 | D:10     | Entered Level 10 of the Dungeon
 12797 | D:10     | Noticed an orc knight
 12820 | D:10     | Slain by an orc knight

Illustrated notes

Levels and vault maps discovered:
D:1:      tarquinn_simple_flora_water_b, layout_rooms
D:2:      layout_basic, basic_altar
D:3:      layout_basic, basic_ecumenical_altar, serial_shops,
          nicolae_shop_crystal, grunt_ministairs_6,
          hangedman_abyss_or_decor_stabs, uniq_pargi
D:4:      layout_loops_ring, temple_doors_cd
D:5:      layout_basic, uniq_pikel
D:6:      layout_loops_ring, dk_rats_in_the_wall
D:7:      layout_cave_pods, mainiacjoe_overflow_catwalk,
          grunt_temple_overflow_diamond, mainiacjoe_overflow_swirl,
          serial_shops, shop
D:8:      kennysheep_blocky_hall, layout_basic, minmay_lair_entry_grove,
          grunt_ogre_cave, grunt_ministairs_9,
          nicolae_concentric_dashed_squares_mild
D:9:      due_chaos_kobolds, layout_basic, uniq_erolcha
D:10:     layout_basic

Skill      XL: |  1  2  3  4  5  6  7  8  9 10 11 |
---------------+----------------------------------+-----
Fighting       | 4 5 6 8 9 10 | 10.4
Armour         | 3 4 5 6 7 9 10 | 10.2
Shields        | 1 2 3 4 5 7 8 9 |  9.6
Maces & Flails | 4 5 6 7 8 9 |  9.5
Dodging        | |  1.9

Action                   |  1- 3 |  4- 6 |  7- 9 | 10-12 || total
-------------------------+-------+-------+-------+-------++-------
Melee: Mace              |    72 |   187 |       |       ||   259
       Whip              |       |    12 |   433 |   478 ||   923
Invok: Berserk           |     2 |     4 |     2 |     7 ||    15
       Trog's Hand       |       |       |     1 |     5 ||     6
       Brothers in Arms  |       |       |       |     1 ||     1
  Use: Scroll            |       |       |     6 |     1 ||     7
       Potion            |       |       |       |     2 ||     2
Armor: Animal skin       |    24 |       |       |       ||    24
       Ring mail         |       |    79 |   167 |   188 ||   434
Dodge: Dodged            |    36 |    97 |   124 |   113 ||   370
Block: Buckler           |     4 |       |       |       ||     4
       Kite shield       |     9 |    81 |   168 |   172 ||   430
